cohdb
Replays
Latest Replays
All Replays
Popular Replays
Top Player Replays
Match Explorer
How It Works
Community
CoH3 Stats
Reddit
Sign in to upload your games and track your stats! →
Sign in with Steam
Match 45751640
Unlisted
Match 45751640
Overview
Messages
Build Orders
End
Pioneer Squad
Construct Infanterie Kompanie
Grenadier Squad
Grenadier Squad
Grenadier Squad
Grenadier Squad
Grenadier Squad
Construct Panzergrenadier Kompanie
Selects Mechanized Battlegroup
Selects Raid Package
Selects 8 Rad Armored Car
8 Rad Armored Car
8 Rad Armored Car
Pioneer Squad
8 Rad Armored Car
Pak 40 Anti-tank Gun Team
MG 42 Machine Gun Team
Selects Spotting Scopes
Selects Stoßtruppen Assault Package
Selects Zeroing Artillery Barrage
Panzergrenadier Squad
MG 42 Machine Gun Team
Construct Panzer Kompanie
Zeroing Artillery Barrage
Mael Radec
Make a wish™ |
0
0
Comments
sign in to comment!
No comments posted yet!